 Dungeon Crawl Stone Soup version 0.25-a0-561-g0977b4d109 (webtiles) character file.

Game seed: 9944490802885028556, levelgen mode: deterministic

81 Flugslaktarn the Skirmisher (level 4, -5/40 HPs)
             Began as a Minotaur Fighter on Feb 25, 2020.
             Killed from afar by an orc wizard (6 damage)
             ... with a magic dart
             ... on level 3 of the Dungeon.
             The game lasted 00:00:21 (545 turns).

Flugslaktarn the Skirmisher (Minotaur Fighter)       Turns: 545, Time: 00:00:21

Health: -5/40      AC:  7    Str: 22    XL:     4   Next: 20%
Magic:  3/3        EV:  7    Int:  5    God:
Gold:   20         SH:  9    Dex:  9    Spells: 3/3 levels left

rFire    . . .     SeeInvis .   a - +0 war axe
rCold    . . .     Gourm    .   c - +0 kite shield
rNeg     . . .     Faith    .   b - +0 scale mail
rPois    .         Spirit   .   (helmet restricted)
rElec    .         Reflect  .   (no cloak)
rCorr    .         Harm     .   (no gloves)
MR       .....                  (no boots)
Stlth    ..........             (no amulet)
HPRegen  0.13/turn              (no ring)
MPRegen  0.08/turn              (no ring)

@: no status effects
A: retaliatory headbutt, horns 2
a: no special abilities


You were on level 3 of the Dungeon.
You were not hungry.

You visited 1 branch of the dungeon, and saw 3 of its levels.

You collected 20 gold pieces.

Inventory:

Hand Weapons
 a - a +0 war axe (weapon)
Armour
 b - a +0 scale mail (worn)
 c - a +0 kite shield (worn)
Scrolls
 f - 2 scrolls of identify {unknown}
 g - a scroll of fear {unknown}
 k - a scroll of immolation {unknown}
Potions
 d - a potion of might
 i - a potion of berserk rage {unknown}
 j - 5 potions of curing {unknown}
Comestibles
 e - a ration
 h - a chunk of flesh


   Skills:
 + Level 4.2 Fighting
 * Level 3.9 Axes
 + Level 4.2 Armour
 + Level 4.2 Shields


You had 3 spell levels left.
You didn't know any spells.
Your spell library was empty.

Dungeon Overview and Level Annotations

Branches:
Dungeon (3/15)

Altars:
Kikubaaqudgha


Innate Abilities, Weirdness & Mutations

You reflexively headbutt those who attack you in melee.
You have a pair of horns on your head.


Message History

Unknown command.
You slash the orc priest!
You kill the orc priest!
You have reached level 4!
You feel stronger. The orc wizard casts a spell at you.
The puff of frost hits you.
* * * LOW HITPOINT WARNING * * *
Some of the chunks of flesh in your inventory have rotted away.
You slash the orc wizard! Your headbutt misses the orc wizard.
The orc wizard is severely wounded.
The orc wizard casts a spell at you. The puff of flame hits you!
* * * LOW HITPOINT WARNING * * *
You closely miss the orc wizard. Your headbutt misses the orc wizard.
The orc wizard is severely wounded.
The orc wizard hits you but does no damage.
The orc wizard casts a spell at you. The magic dart hits you.
You die...

..# ##.# .
#...#
.##.#.#
...#r#
#..#o#
#..#o#
#..#@#
#<.#.#
#....#
_.........#
####.#.#.##
#.#.#.# .
....#
##.#.###
....#


You could see an orc wizard, an orc and a quokka.

Vanquished Creatures
  An orc priest (D:3)
  2 adders (D:2)
  2 dart slugs (D:2)
  An orc (D:3)
  A giant cockroach (D:1)
  6 goblins
  2 hobgoblins
  2 jackals (D:2)
  A ball python (D:2)
  6 bats
  3 frilled lizards (D:1)
  A kobold (D:1)
  3 rats
31 creatures vanquished.

Notes
Turn   | Place    | Note
-------+----------+-------------------------------------------
     0 | D:1      | Flugslaktarn the Minotaur Fighter began the quest for the
                  | Orb.
     0 | D:1      | Reached XP level 1. HP: 19/19 MP: 0/0
    67 | D:1      | Reached XP level 2. HP: 24/27 MP: 1/1
   170 | D:2      | Reached XP level 3. HP: 30/33 MP: 2/2
   534 | D:3      | Found an ancient bone altar of Kikubaaqudgha.
   543 | D:3      | Reached XP level 4. HP: 13/40 MP: 3/3
   544 | D:3      | HP: 1/40 [orc wizard/puff of flame (9)]
   545 | D:3      | Killed from afar by an orc wizard

Levels and vault maps discovered:
D:1:      lemuel_arrival_muddy, layout_rooms
D:2:      layout_basic, nemelex_xobeh_ov_fountains_minmay
D:3:      layout_loops_ring, overflow_temple_1_default, first_ration,
          lemuel_statue_altar, uniq_grinder

Skill      XL: |  1  2  3 |
---------------+----------+-----
Axes           | 3 |  3.9
Fighting       | 4 |  4.2
Shields        | 4 |  4.2
Armour         | 4 |  4.2

Action                   |  1- 3 |  4- 6 || total
-------------------------+-------+-------++-------
Melee: War axe           |    59 |     2 ||    61
       Headbutt          |     6 |       ||     6
Armor: Scale mail        |    47 |       ||    47
Dodge: Dodged            |    20 |       ||    20
Block: Kite shield       |    42 |       ||    42

Table legend:
 A = Non-vault XP
 B = Vault XP
 C = Vault XP percentage of total XP
 D = Non-vault monster count
 E = Vault monster count
 F = Vault count percentage of total count
                 A         B        C        D         E       F
            +---------+---------+-------+---------+---------+-------
      Total |     117 |       0 |   0.0 |      31 |       0 |   0.0
            +---------+---------+-------+---------+---------+-------
        D:1 |      16 |       0 |   0.0 |      12 |       0 |   0.0
        D:2 |      57 |       0 |   0.0 |      17 |       0 |   0.0
        D:3 |      44 |       0 |   0.0 |       2 |       0 |   0.0
            +---------+---------+-------+---------+---------+-------
